Map: [ESL] Altitude

Players

Oliveira - Winner!

  • Race: Terran Terran
  • Spawn Location: 1:00

IGXY (XY)

  • Race: Terran Terran
  • Spawn Location: 7:00

Event: ESL SC2 Masters 2023 Summer (Regionals)

VOD

Have the link to the VOD?

Description

Time

  • Played on: May 20, 2023, 7:21 a.m.
  • Length: 8:57

All games in this series

Show
View Real Time Build Order
Export as new Build Order

Oliveira Terran - Winner!

Build Orders:  

Get SALT Encoding   

  12  0:00  SCV  
  13  0:12  SCV  
  14  0:17  Supply Depot  
  14  0:24  SCV  
  15  0:39  SCV  
  15  0:40  Barracks  
  16  0:45  Refinery  
  16  0:51  SCV  
  17  0:59  Barracks  
  17  1:04  SCV  
  18  1:16  SCV  
  19  1:29  Orbital Command, Reaper  
  20  1:33  Supply Depot  
  20  1:46  Reaper  
  21  1:55  SCV  
  22  2:07  SCV, Barracks Reactor  
  23  2:12  Command Center  
  23  2:21  SCV  
  24  2:23  Barracks Tech Lab  
  24  2:24  Refinery  
  24  2:33  SCV  
  25  2:46  SCV  
  25  2:47  Marine x2  
  28  2:56  Factory  
  28  3:04  SCV  
  28  3:05  Marine  
  29  3:12  Barracks Tech Lab  
  29  3:18  SCV  
  29  3:21  Marine  
  29  3:23  Marine  
  29  3:24  Orbital Command  
  31  3:30  SCV  
  31  3:32  Command Center  
  32  3:42  SCV  
  32  3:43  Starport  
  33  3:49  Cyclone  
  33  3:51  SCV  
  33  3:54  SCV  
  38  3:59  Stimpack  
  38  4:03  SCV  
  38  4:05  Marine x2  
  38  4:06  SCV  
  42  4:10  Supply Depot  
  42  4:14  Refinery  
  42  4:15  SCV  
  43  4:19  SCV  
  44  4:27  Raven, Factory Reactor  
  46  4:31  Marine, SCV x2  
  46  4:32  Marine x2  
  51  4:43  SCV x2  
  53  4:45  Orbital Command  
  53  4:49  Marine  
  53  4:50  Marine x2, Supply Depot  
  56  4:55  SCV x2  
  58  5:07  Marine  
  58  5:08  SCV, Medivac x2, Marine x2  
  58  5:11  Siege Tank  
  58  5:12  SCV x2  
  71  5:15  Supply Depot  
  71  5:20  SCV  
  72  5:22  Barracks  
  72  5:24  SCV x2, Marine  
  72  5:28  Refinery  
  75  5:30  Marine x2  
  75  5:35  Supply Depot  
  77  5:36  Orbital Command, SCV  
  77  5:38  SCV, Combat Shield  
  77  5:42  Engineering Bay  
  79  5:48  Engineering Bay, SCV  
  80  5:50  Starport Reactor, Siege Tank  
  80  5:51  Marine x2  
  80  5:56  Marine, SCV  
  80  5:57  Supply Depot  
  87  6:01  SCV  
  87  6:03  SCV  
  89  6:08  SCV, Supply Depot  
  89  6:10  Marine  
  91  6:14  SCV  
  91  6:16  Marine  
  88  6:21  SCV  
  88  6:22  Marine  
  81  6:28  Marine, SCV  
  81  6:29  Siege Tank  
  81  6:30  SCV  
  88  6:33  SCV  
  88  6:35  Terran Infantry Weapons Level 1, Terran Infantry Armor Level 1  
  88  6:39  Marine  
  87  6:40  SCV  
  87  6:43  SCV, Marine  
  87  6:45  SCV  
  90  6:49  Medivac x2  
  90  6:52  SCV  
  90  6:53  Marine  
  96  6:54  Marine x2  
  96  6:55  SCV  
  96  6:59  Supply Depot  
  99  7:01  SCV  
  99  7:05  SCV, Siege Tank  
  99  7:06  Marine  
  99  7:08  SCV  
  106  7:14  SCV, Marine  
  108  7:18  SCV  
  108  7:20  Barracks x2  
  108  7:21  SCV, Supply Depot  
  110  7:24  Supply Depot  
  110  7:26  SCV  
  110  7:28  Armory  
  111  7:35  Marine x2, SCV  
  111  7:36  SCV  
  115  7:38  SCV, Marine  
  115  7:42  Siege Tank  
  120  7:46  Sensor Tower  
  120  7:47  Marine, SCV  
  120  7:48  SCV  
  120  7:50  SCV  
  123  7:51  Marine  
  123  7:52  Supply Depot  
  123  7:53  Marine  
  123  7:55  Viking x2  
  129  7:59  SCV  
  129  8:00  SCV, Marine  
  129  8:02  SCV  
  133  8:05  Refinery  
  133  8:06  Refinery  
  133  8:08  Supply Depot x2  
  133  8:14  Marine x2  
  133  8:15  Barracks Reactor x2  
  133  8:17  SCV x2  
  137  8:21  Supply Depot  
  137  8:23  Marine, Command Center  
  137  8:24  Marine  
  140  8:37  Marine  
  140  8:38  Marine  
Show
View Real Time Build Order
Export as new Build Order

IGXY Terran 

Build Orders:  

Get SALT Encoding   

  12  0:00  SCV  
  13  0:12  SCV  
  14  0:17  Supply Depot  
  14  0:24  SCV  
  15  0:38  SCV  
  15  0:40  Barracks  
  16  0:43  Refinery  
  16  0:51  SCV  
  17  1:03  SCV  
  18  1:15  SCV  
  19  1:27  Orbital Command, Marine  
  20  1:41  Command Center  
  20  1:45  Reaper  
  21  1:52  SCV  
  22  1:55  Supply Depot  
  22  2:05  SCV  
  23  2:08  Factory  
  23  2:17  SCV  
  23  2:21  Barracks Reactor  
  24  2:26  Refinery  
  24  2:29  SCV  
  25  2:40  Bunker  
  25  2:41  SCV  
  25  2:52  Hellion  
  25  2:53  SCV  
  25  2:57  Marine x2  
  28  3:05  SCV  
  26  3:07  Orbital Command  
  26  3:14  Factory Tech Lab  
  26  3:17  SCV  
  25  3:21  Barracks  
  25  3:29  SCV  
  25  3:32  Cyclone  
  29  3:37  SCV  
  30  3:41  Marine, SCV  
  30  3:43  Marine  
  33  3:49  SCV  
  33  3:53  SCV  
  35  4:01  SCV  
  36  4:06  SCV  
  36  4:09  Starport  
  37  4:13  Stimpack, SCV, Marine  
  37  4:14  Marine x2  
  37  4:15  Factory Reactor  
  41  4:18  SCV  
  41  4:22  Supply Depot  
  42  4:25  SCV  
  42  4:30  SCV  
  44  4:31  Marine x2  
  46  4:38  Supply Depot  
  46  4:43  Marine, SCV x2  
  49  4:46  Supply Depot  
  49  4:49  Marine x2  
  49  4:51  Supply Depot  
  51  4:55  SCV x2  
  53  5:00  Medivac x2  
  53  5:01  Supply Depot  
  53  5:04  Factory Tech Lab  
  57  5:07  SCV x2  
  57  5:09  Marine x2  
  57  5:11  Marine  
  62  5:19  SCV x2  
  64  5:32  SCV x2  
  64  5:33  Command Center  
  64  5:34  Marine  
  67  5:38  Marine x2  
  69  5:44  SCV x2  
  69  5:47  Refinery x2, Siege Tank  
  74  5:53  Combat Shield  
  74  5:56  Barracks, SCV  
  75  6:00  Marine x3  
  75  6:04  SCV  
  79  6:08  SCV  
  80  6:17  Marine  
  80  6:18  Marine  
  80  6:24  Marine  
  68  6:26  SCV  
  68  6:28  Starport Reactor  
  68  6:32  SCV  
  66  6:33  Engineering Bay  
  66  6:34  Engineering Bay, Siege Tank  
  66  6:36  Marine  
  68  6:41  Refinery  
  68  6:43  SCV  
  68  6:46  SCV, Refinery  
  70  6:48  Orbital Command  
  70  6:55  SCV  
  70  6:58  SCV  
  70  7:00  Marine  
  70  7:01  Marine x2  
  74  7:04  Medivac x2  
  74  7:08  SCV  
  80  7:09  Siege Tank  
  80  7:10  SCV  
  80  7:14  SCV  
  84  7:19  Supply Depot  
  84  7:20  SCV, Marine  
  84  7:21  Marine x2  
  88  7:24  Marine x2  
  88  7:27  SCV  
  92  7:37  SCV  
  92  7:38  Marine  
  92  7:39  Medivac x2  
  97  7:49  Marine x2, Siege Tank  
  97  7:50  Marine x2, SCV  
  97  7:51  SCV  
  103  7:56  Supply Depot x2  
  103  7:57  Orbital Command, Marine  
  104  8:05  Barracks  
  104  8:07  Barracks, Marine x2  
  104  8:09  SCV  
  104  8:12  Medivac  
  109  8:13  Orbital Command  
  109  8:17  Medivac  
  109  8:18  Supply Depot  
  109  8:19  Armory  
  110  8:20  Supply Depot  
  110  8:22  SCV  
  111  8:29  Marine x2, Supply Depot  
  111  8:30  Marine, Supply Depot  
Tags
 
Add a new tag
Caveats
  • Supply blocks, unpowered buildings, or Contaminate may cause inaccurate times.
  • Supply counts are checked every 10 seconds.